 Dungeon Crawl Stone Soup version 0.31-a0-167-g1c394c0614 (webtiles) character file.

Game seed: 10161034050310434991

749 qw the Shooter (level 7, 0/43 HPs)
             Began as a Gargoyle Hunter on June 14, 2023.
             Was an Initiate of Okawaru.
             Slain by Pikel
             ... wielding a +2 whip of flaming
              (1 damage)
             ... on level 5 of the Dungeon.
             The game lasted 00:01:55 (3829 turns).

qw the Shooter (Gargoyle Hunter)                    Turns: 3829, Time: 00:01:55

Health: 0/43       AC:  9    Str: 13 (14) XL:     7   Next: 78%
Magic:  7/7        EV: 12    Int: 10      God:    Okawaru [......]
Gold:   262        SH:  0    Dex: 18 (21) Spells: 6/6 levels left

rFire   . . .        Y - +2 shortbow
rCold   . . .        (shield currently unavailable)
rNeg    + . .        h - +0 robe {Will+}
rPois   inf          c - +0 helmet
rElec   +            (no cloak)
rCorr   .            (no gloves)
SInv    .            a - +0 pair of boots
Will    +....        (no amulet)
Stlth   ++           b - +6 ring of dexterity
HPRegen 0.27/turn    (no ring)
MPRegen 0.10/turn

%: no passive effects
@: no status effects
A: sickness immunity, AC +4, negative energy resistance 1, electricity
resistance, torment resistance 1, petrification resistance
a: Renounce Religion


You were on level 5 of the Dungeon.
You worshipped Okawaru.
Okawaru was noncommittal.
You visited 1 branch of the dungeon, and saw 5 of its levels.

You collected 262 gold pieces.


Innate Abilities, Weirdness & Mutations

You are immune to sickness and miasma.
Your stone body is resilient. (AC +4)
You are immune to poison.
You resist negative energy. (rN+)
You are resistant to electric shocks. (rElec)
You are resistant to unholy torment.
You are immune to petrification.


   Skills:
 - Level 4.0 Fighting
 + Level 7.3 Ranged Weapons
 - Level 4.6 Armour
 - Level 2.0 Dodging
 - Level 1.1 Stealth


You had 6 spell levels left.
You didn't know any spells.
Your spell library was empty.

Inventory:

Hand Weapons
 Y - a +2 shortbow (weapon)
Armour
 a - a +0 pair of boots (worn)
 c - a +0 helmet (worn)
 e - a +0 ring mail
 h - a +0 robe of willpower (worn)
Jewellery
 b - a +6 ring of dexterity (left hand)
Scrolls
 j - a scroll of identify
Potions
 d - a potion of brilliance {unknown}
 f - a potion of cancellation {unknown}
 g - a potion of lignification {unknown}
 k - a potion of curing {unknown}
 l - a potion of might {unknown}

Dungeon Overview and Level Annotations

Branches:
Dungeon (5/15)
 Temple: D:4-7

Altars:
Makhleb
Okawaru

Shops:
D:3 =

Annotations:
D:4 3 runed translucent doors, qw's ghost, amateur MiHu
D:5 Pikel


Message History

The lemure is severely wounded.
Pikel closely misses you. The lemure barely misses you. x2
You shoot an arrow. The arrow misses the lemure.
Pikel hits you but does no damage. The lemure hits you but does no damage.
The lemure hits you.
You shoot an arrow. The arrow hits the lemure.
The lemure is almost dead.
Pikel barely misses you. The lemure barely misses you. The lemure misses you.
You shoot an arrow. The arrow barely misses the lemure.
Pikel closely misses you. The lemure misses you. The lemure closely misses you.
You shoot an arrow. The arrow hits the lemure!
You kill the lemure!
That felt strangely unrewarding.
Pikel hits you with a +2 whip of flaming.
Pikel burns you. The lemure hits you but does no damage.
You shoot an arrow. The arrow hits Pikel.
Pikel is severely wounded.
Pikel closely misses you. The lemure closely misses you.
You shoot an arrow. The arrow misses Pikel.
Pikel hits you with a +2 whip of flaming.
Pikel burns you. The lemure hits you but does no damage.
You shoot an arrow.
The arrow hits Pikel but does no damage.
Pikel is severely wounded.
Pikel hits you with a +2 whip of flaming.
Pikel burns you. The lemure barely misses you.
You shoot an arrow. The arrow closely misses Pikel.
Pikel barely misses you. The lemure hits you.
Pikel hits you with a +2 whip of flaming.
Pikel burns you. The lemure closely misses you.
You shoot an arrow. The arrow barely misses Pikel.
Pikel hits you with a +2 whip of flaming.
Pikel burns you. The lemure hits you but does no damage.
You shoot an arrow. The arrow barely misses Pikel.
Pikel hits you with a +2 whip of flaming.
Pikel burns you. The lemure closely misses you.
You shoot an arrow. The arrow closely misses Pikel.
Pikel hits you with a +2 whip of flaming.
Pikel burns you.
You die...

###########
#.........#
#.........#
#......5@.#
#......K..#
#.........#
#......)..#
#.........#
....###'####
... #.....#
#.....#
#.....#


You could see Pikel and a lemure.

Vanquished Creatures
  Sigmund (D:2)
  3 lemures (D:5)
  2 quasits (D:4)
  2 hounds (D:4)
  A jelly (D:4)
  Jessica (D:3)
  An iguana (D:4)
  A gnoll bouda (D:4)
  An orc wizard (D:3)
  6 gnolls
  6 adders
  8 shadow imps (D:4)
  4 white imps (D:4)
  10 ufetubi (D:4)
  5 orcs
  4 bats
  14 endoplasms
  11 goblins
  5 hobgoblins
  9 kobolds
  3 quokkas
  9 ball pythons
  A frilled lizard (D:3)
  7 rats
115 creatures vanquished.

Notes
Turn   | Place    | Note
-------+----------+-------------------------------------------
     0 | D:1      | qw the Gargoyle Hunter began the quest for the Orb.
     0 | D:1      | Reached XP level 1. HP: 12/12 MP: 1/1
     0 | D:1      | 0 ||| qw: Version: 0.2-a-29-g1fa15c8
     0 | D:1      | 0 ||| qw: Game counter: 5145
     0 | D:1      | 0 ||| qw: Always use a shield: true
     0 | D:1      | 0 ||| qw: God list: Okawaru
     0 | D:1      | 0 ||| qw: Allow faded altars: false
     0 | D:1      | 0 ||| qw: Do Orc after D:15 true
     0 | D:1      | 0 ||| qw: Do second Lair branch before Depths: true
     0 | D:1      | 0 ||| qw: Lair rune preference: random
     0 | D:1      | 0 ||| qw: Plans: Normal, Zot:1-4, Slime:5, God:TSO, Crypt,
                  | Tomb, Abyss, Pan, Hells, Win
     0 | D:1      | 0 ||| PLANNING D:1-11
   132 | D:1      | Reached XP level 2. HP: 17/17 MP: 2/2
   594 | D:1      | Reached XP level 3. HP: 16/21 MP: 3/3
   808 | D:1      | 808 ||| UPGRADING to +0 ring mail.
   818 | D:1      | 818 ||| DROPPING +0 leather armour.
   819 | D:1      | 819 ||| READING scroll labelled MAT HYSMYL.
   823 | D:1      | 823 ||| READING scroll labelled TAZEUDE WOXASCHE.
   824 | D:1      | 824 ||| READING scroll labelled SOURUS WAUPSEROFOC.
   825 | D:1      | 825 ||| READING scroll labelled USOC WA BUPH.
   826 | D:1      | 826 ||| DROPPING scroll of butterflies.
   904 | D:2      | Noticed Sigmund
   921 | D:2      | Killed Sigmund
   922 | D:2      | Reached XP level 4. HP: 13/26 MP: 4/4
   922 | D:2      | Reached XP level 5. HP: 15/30 MP: 5/5
   996 | D:2      | Reached skill level 5 in Ranged Weapons
  1099 | D:2      | 1099 ||| READING scroll of enchant weapon.
  1099 | D:2      | 1099 ||| ENCHANTING +1 shortbow.
  1675 | D:2      | 1675 ||| UPGRADING to +0 pair of boots.
  1680 | D:2      | 1680 ||| UPGRADING to +6 ring of dexterity.
  1681 | D:2      | 1681 ||| READING scroll labelled EJUSMA SIASK.
  1682 | D:2      | 1682 ||| DRINKING 2 clear potions.
  1683 | D:2      | 1683 ||| DROPPING potion of degeneration.
  1722 | D:3      | 1722 ||| STAIRDANCE
  1783 | D:3      | Noticed a golden eye
  1786 | D:3      | Found a faded altar of an unknown god.
  1789 | D:3      | Noticed a great orb of eyes
  1789 | D:3      | Noticed a shining eye
  1789 | D:3      | Noticed a shining eye
  1802 | D:3      | 1802 ||| FLEEEEING.
  1803 | D:3      | 1803 ||| FLEEEEING.
  1804 | D:3      | 1804 ||| FLEEEEING.
  1945 | D:3      | Reached skill level 3 in Fighting
  1945 | D:3      | Reached XP level 6. HP: 34/37 MP: 6/6
  1962 | D:3      | 1962 ||| UPGRADING to +0 helmet.
  2182 | D:3      | Noticed Jessica
  2195 | D:3      | Killed Jessica
  2336 | D:3      | Found Erhideapt's Jewellery Emporium.
  2347 | D:3      | 2347 ||| SHOPLISTING +5 ring of evasion (396 gold, have
                  | 142).
  2347 | D:3      | 2347 ||| SHOPLISTING +6 ring of dexterity (396 gold, have
                  | 142).
  2347 | D:3      | 2347 ||| SHOPLISTING amulet of faith (440 gold, have 142).
  2347 | D:3      | 2347 ||| SHOPLISTING ring of Axkumowk {rPois rCorr MP+9
                  | Str+2 Stlth-} (435 gold, have 142).
  2347 | D:3      | 2347 ||| SHOPLISTING ring of see invisible (165 gold, have
                  | 142).
  2459 | D:3      | Found an iron altar of Okawaru.
  2460 | D:3      | 2460 ||| PLANNING OKAWARU WORSHIP
  2460 | D:3      | 2460 ||| UPGRADING to +0 robe of willpower.
  2477 | D:3      | Became a worshipper of Warmaster Okawaru
  2478 | D:3      | 2478 ||| PLANNING D:1-11
  2597 | D:4      | 2597 ||| Stepping ~*~*~tactically~*~*~ (outnumbered).
  2599 | D:4      | 2599 ||| Stepping ~*~*~tactically~*~*~ (outnumbered).
  2622 | D:4      | Reached skill level 6 in Ranged Weapons
  2676 | D:4      | 2676 ||| FLEEEEING.
  2678 | D:4      | 2678 ||| STAIRDANCE
  2797 | D:4      | 2797 ||| READING scroll labelled WETIPT UTUIQUI.
  2844 | D:4      | Found a runed translucent gate.
  2864 | D:4      | Reached XP level 7. HP: 42/43 MP: 7/7
  2872 | D:4      | Found a runed translucent gate.
  2873 | D:4      | Found a runed translucent gate.
  2876 | D:4      | Noticed qw's ghost (amateur MiHu)
  2884 | D:4      | 2884 ||| Stepping ~*~*~tactically~*~*~ (outnumbered).
  2886 | D:4      | 2886 ||| Stepping ~*~*~tactically~*~*~ (outnumbered).
  2888 | D:4      | 2888 ||| Stepping ~*~*~tactically~*~*~ (outnumbered).
  2921 | D:4      | HP: 9/43 [acid (9)]
  2925 | D:4      | 2925 ||| FLEEEEING.
  2926 | D:4      | 2926 ||| FLEEEEING.
  2928 | D:4      | 2928 ||| FLEEEEING.
  2929 | D:4      | 2929 ||| FLEEEEING.
  2930 | D:4      | 2930 ||| FLEEEEING.
  2931 | D:4      | 2931 ||| FLEEEEING.
  3144 | D:4      | 3144 ||| FLEEEEING.
  3249 | D:4      | Reached * piety under Okawaru
  3250 | D:4      | 3250 ||| INVOKING Heroism.
  3262 | D:4      | Reached skill level 7 in Ranged Weapons
  3288 | D:4      | Found a burning altar of Makhleb.
  3316 | D:4      | 3316 ||| INVOKING Heroism.
  3349 | D:4      | 3349 ||| FLEEEEING.
  3350 | D:4      | 3350 ||| FLEEEEING.
  3354 | D:4      | 3354 ||| FLEEEEING.
  3355 | D:4      | 3355 ||| FLEEEEING.
  3356 | D:4      | 3356 ||| FLEEEEING.
  3357 | D:4      | 3357 ||| FLEEEEING.
  3361 | D:4      | 3361 ||| FLEEEEING.
  3362 | D:4      | 3362 ||| FLEEEEING.
  3363 | D:4      | 3363 ||| FLEEEEING.
  3364 | D:4      | 3364 ||| FLEEEEING.
  3365 | D:4      | 3365 ||| FLEEEEING.
  3366 | D:4      | 3366 ||| FLEEEEING.
  3372 | D:4      | 3372 ||| FLEEEEING.
  3373 | D:4      | 3373 ||| FLEEEEING.
  3374 | D:4      | 3374 ||| FLEEEEING.
  3375 | D:4      | 3375 ||| FLEEEEING.
  3377 | D:4      | 3377 ||| FLEEEEING.
  3378 | D:4      | 3378 ||| FLEEEEING.
  3379 | D:4      | 3379 ||| FLEEEEING.
  3380 | D:4      | 3380 ||| FLEEEEING.
  3381 | D:4      | 3381 ||| FLEEEEING.
  3382 | D:4      | 3382 ||| FLEEEEING.
  3385 | D:4      | 3385 ||| FLEEEEING.
  3386 | D:4      | 3386 ||| FLEEEEING.
  3387 | D:4      | 3387 ||| FLEEEEING.
  3388 | D:4      | 3388 ||| FLEEEEING.
  3389 | D:4      | 3389 ||| FLEEEEING.
  3390 | D:4      | 3390 ||| FLEEEEING.
  3391 | D:4      | 3391 ||| FLEEEEING.
  3392 | D:4      | 3392 ||| FLEEEEING.
  3393 | D:4      | 3393 ||| FLEEEEING.
  3689 | D:4      | 3689 ||| READING 2 scrolls labelled DAOJYNG HESS.
  3690 | D:4      | 3690 ||| DRINKING 2 sapphire potions.
  3691 | D:4      | 3691 ||| DROPPING potion of enlightenment.
  3727 | D:5      | Entered Level 5 of the Dungeon
  3762 | D:5      | 3762 ||| FLEEEEING.
  3763 | D:5      | 3763 ||| FLEEEEING.
  3764 | D:5      | 3764 ||| FLEEEEING.
  3765 | D:5      | 3765 ||| FLEEEEING.
  3773 | D:5      | 3773 ||| STAIRDANCE
  3808 | D:5      | Noticed Pikel
  3827 | D:5      | HP: 9/43 [Pikel/+2 whip of flaming (2)]
  3828 | D:5      | HP: 4/43 [Pikel/+2 whip of flaming (2)]
  3829 | D:5      | HP: 1/43 [Pikel/+2 whip of flaming (3)]
  3829 | D:5      | Slain by Pikel

Levels and vault maps discovered:
D:1:      heliophobic_arrival_ceremonial_halls, layout_basic, serial_rivers,
          chequers_serial_rivers_marsh, chequers_serial_rivers_micro_a,
          chequers_serial_rivers_marsh, chequers_serial_rivers_micro_d,
          chequers_serial_rivers_micro_b
D:2:      layout_basic, uniq_sigmund
D:3:      layout_loops_cross, kennysheep_okawaru_gauntlet, serial_shops, shop,
          hellmonk_ecumenical_altar_watching_god, grunt_ministairs_7,
          feat_on_display, uniq_jessica
D:4:      cheibrodos_old_hovel, layout_basic, mainiacjoe_overflow_boulevard,
          gammafunk_ghost_nasty_kobolds, serial_demonic, serial_demonic_d,
          serial_demonic_b, serial_demonic_b, serial_demonic_b,
          serial_demonic_g, serial_demonic_e, serial_demonic_a,
          serial_demonic_c, serial_demonic_e, serial_demonic_d
D:5:      layout_gridville, kennysheep_mini, uniq_prince_ribbit1, uniq_edmund,
          uniq_pikel

Skill      XL: |  1  2  3  4  5  6  7 |
---------------+----------------------+-----
Armour         | 4 |  4.6
Ranged Weapons | 5 6 7 |  7.3
Fighting       | 3 4 |  4.0
Dodging        | 2 |  2.0
Stealth        | |  1.1

Action                     |  1- 3 |  4- 6 |  7- 9 || total
---------------------------+-------+-------+-------++-------
   Fire: Shortbow          |    74 |   167 |   171 ||   412
 Invoke: Heroism           |       |       |     2 ||     2
    Use: Scroll            |     4 |     3 |     1 ||     8
         Potion            |       |     1 |     1 ||     2
 Armour: Leather armour    |     3 |       |       ||     3
         Ring mail         |     1 |    37 |       ||    38
         Robe              |       |    24 |    65 ||    89
  Dodge: Dodged            |    11 |    72 |   117 ||   200

Table legend:
 A = Non-vault XP
 B = Vault XP
 C = Vault XP percentage of total XP
 D = Non-vault monster count
 E = Vault monster count
 F = Vault count percentage of total count
                 A         B        C        D         E       F
            +---------+---------+-------+---------+---------+-------
      Total |     517 |     554 |  51.7 |      82 |      30 |  26.8
            +---------+---------+-------+---------+---------+-------
        D:1 |      35 |       0 |   0.0 |      23 |       0 |   0.0
        D:2 |      39 |     214 |  84.6 |      10 |       1 |   9.1
        D:3 |     114 |      44 |  27.8 |      22 |       5 |  18.5
        D:4 |     326 |     296 |  47.6 |      26 |      24 |  48.0
        D:5 |       3 |       0 |   0.0 |       1 |       0 |   0.0
            +---------+---------+-------+---------+---------+-------
